 Dungeon Crawl Stone Soup version 0.26-a0-682-g294304f6e8 (webtiles) character file.

Game seed: 9750688779374615897

98 robertstho the Digger (level 4, 0/32 HPs)
             Began as a Gnoll Earth Elementalist on Oct 20, 2020.
             Succumbed to a kobold's poison
             ... on level 3 of the Dungeon.
             The game lasted 00:04:07 (2055 turns).

robertstho the Digger (Gnoll Earth Elementalist)    Turns: 2055, Time: 00:04:07

Health: 0/32       AC:  3    Str: 10    XL:     4   Next: 69%
Magic:  8/11       EV: 15    Int: 21    God:
Gold:   93         SH:  0    Dex: 15    Spells: 3/13 levels left

rFire    + . .     SeeInvis .   p - +0 long sword
rCold    x . .     Faith    .   (no shield)
rNeg     . . .     Spirit   .   c - +0 robe
rPois    .         Reflect  .   (helmet restricted)
rElec    .         Harm     .   i - +0 cloak
rCorr    .         Rampage  .   (no gloves)
MR       .....                  o - +0 pair of boots
Stlth    +++.......             (no amulet)
HPRegen  0.10/turn              m - ring of fire
MPRegen  0.12/turn              (no ring)

@: lethally poisoned (0 -> -8)
A: distributed training, antennae 1, fangs 1, clever 1, deformed body, strong
nose
a: no special abilities


You were on level 3 of the Dungeon.
You visited 1 branch of the dungeon, and saw 3 of its levels.

You collected 93 gold pieces.

Inventory:

Hand Weapons
 d - a +0 short sword
 p - a +0 long sword (weapon)
Missiles
 b - 69 stones (quivered)
 k - 16 sling bullets
Armour
 c - a +0 robe (worn)
 i - a +0 cloak (worn)
 o - a +0 pair of boots (worn)
Jewellery
 m - a ring of fire (left hand)
Scrolls
 e - a scroll of amnesia {unknown}
 g - a scroll of random uselessness {unknown}
 h - a scroll of fear {unknown}
 l - a scroll of teleportation {unknown}
Potions
 j - a potion of invisibility
 n - a potion of stabbing


   Skills:
 + Level 1.2 Fighting
 + Level 1.2 Short Blades
 + Level 1.2 Long Blades
 + Level 1.2 Axes
 + Level 1.2 Maces & Flails
 + Level 1.2 Polearms
 + Level 1.2 Staves
 + Level 1.2 Slings
 + Level 1.2 Bows
 + Level 1.2 Crossbows
 + Level 1.2 Throwing
 + Level 1.2 Armour
 + Level 4.7 Dodging
 + Level 4.3 Stealth
 + Level 1.2 Shields
 + Level 1.2 Unarmed Combat
 + Level 5.1 Spellcasting
 + Level 1.0 Conjurations
 + Level 1.0 Hexes
 + Level 1.0 Summonings
 + Level 1.0 Necromancy
 + Level 1.0 Translocations
 + Level 2.3 Transmutations
 + Level 1.0 Fire Magic
 + Level 1.0 Ice Magic
 + Level 1.0 Air Magic
 + Level 5.5 Earth Magic
 + Level 1.0 Poison Magic
 + Level 1.3 Invocations
 + Level 1.2 Evocations


You had 3 spell levels left.
You knew the following spells:

 Your Spells              Type           Power        Failure   Level
a - Sandblast             Erth           ####..       1%          1
b - Passwall              Tmut/Erth      ###.....     3%          2
c - Stone Arrow           Conj/Erth      ###...       9%          3
d - Petrify               Tmut/Erth      ###.....     22%         4

Your spell library contained the following spells:

 Spells                   Type           Power        Failure   Level
 Lee's Rapid Deconstruct  Erth           ####......   30%         5


Dungeon Overview and Level Annotations

Branches:
Dungeon (3/15)

Altars:


Innate Abilities, Weirdness & Mutations

Your experience applies equally to all skills.
You have very sharp teeth.
Your uncanny sense of smell can sniff out nearby items.
You have a pair of small antennae on your head.
Your mind is acute. (Int +2)
Armour fits poorly on your strangely shaped body.


Message History

You feel sick.
Okay, then.
* * * LOW HITPOINT WARNING * * *
You feel sick.
* * * LOW HITPOINT WARNING * * *
You feel sick.
* * * LOW HITPOINT WARNING * * *
You feel sick.
* * * LOW HITPOINT WARNING * * *
You feel sick.
* * * LOW HITPOINT WARNING * * *
You feel sick.
You see here 19 stones.
b - 69 stones (gained 19)
* * * LOW HITPOINT WARNING * * *
You feel sick.
* * * LOW HITPOINT WARNING * * *
You feel sick.
Found 20 gold pieces and a ring mail.
Found a stone staircase leading down.
You die...

∆ ...... . #.#.?#
.##......# #.#.#..#
.##......#
#>?....##.##......#
#..#.#.#..#.....>.#
.#........#...[...#
........†##.#.$...#
#........#..#.....#
#..........###@.#
##...(.†###....##
.......)....##.......
###........###.##....
#....).#.##..# ...
......##.(.##..##....#
...... ##.((.........#
...... #..#.(.##....#
...... ###...(.##....#


There were no monsters in sight!

Vanquished Creatures
  3 adders (D:2)
  2 worms (D:2)
  3 dart slugs
  4 leopard geckos (D:2)
  An orc (D:3)
  A giant cockroach (D:1)
  5 hobgoblins
  9 kobolds
  4 quokkas (D:2)
  3 ball pythons (D:2)
  4 bats
  4 frilled lizards
  5 goblins
  10 rats
58 creatures vanquished.

Notes
Turn   | Place    | Note
-------+----------+-------------------------------------------
     0 | D:1      | robertstho the Gnoll Earth Elementalist began the quest for
                  | the Orb.
     0 | D:1      | Reached XP level 1. HP: 13/13 MP: 6/6
   100 | D:1      | Reached XP level 2. HP: 19/19 MP: 4/7
   695 | D:1      | You fall into a shaft and drop 1 floor!
   700 | D:2      | Reached skill level 5 in Spellcasting
   700 | D:2      | Reached XP level 3. HP: 25/25 MP: 4/9
   773 | D:2      | Reached skill level 1 in Invocations
  1093 | D:2      | Reached skill level 1 in Fighting
  1093 | D:2      | Reached skill level 1 in Short Blades
  1093 | D:2      | Reached skill level 1 in Long Blades
  1093 | D:2      | Reached skill level 1 in Axes
  1093 | D:2      | Reached skill level 1 in Maces & Flails
  1093 | D:2      | Reached skill level 1 in Polearms
  1093 | D:2      | Reached skill level 1 in Staves
  1093 | D:2      | Reached skill level 1 in Slings
  1093 | D:2      | Reached skill level 1 in Bows
  1093 | D:2      | Reached skill level 1 in Crossbows
  1093 | D:2      | Reached skill level 1 in Throwing
  1093 | D:2      | Reached skill level 1 in Armour
  1093 | D:2      | Reached skill level 1 in Shields
  1093 | D:2      | Reached skill level 1 in Unarmed Combat
  1093 | D:2      | Reached skill level 1 in Evocations
  1238 | D:2      | Reached XP level 4. HP: 20/32 MP: 6/11
  1590 | D:2      | Learned a level 2 spell: Passwall
  1594 | D:2      | Learned a level 3 spell: Stone Arrow
  1599 | D:2      | Learned a level 4 spell: Petrify
  1956 | D:3      | Reached skill level 1 in Conjurations
  1956 | D:3      | Reached skill level 1 in Hexes
  1956 | D:3      | Reached skill level 1 in Summonings
  1956 | D:3      | Reached skill level 1 in Necromancy
  1956 | D:3      | Reached skill level 1 in Translocations
  1956 | D:3      | Reached skill level 1 in Fire Magic
  1956 | D:3      | Reached skill level 1 in Ice Magic
  1956 | D:3      | Reached skill level 1 in Air Magic
  1956 | D:3      | Reached skill level 1 in Poison Magic
  2046 | D:3      | Gained mutation: You have a pair of small antennae on your
                  | head. [potion of mutation]
  2046 | D:3      | Gained mutation: Armour fits poorly on your strangely
                  | shaped body. [potion of mutation]
  2046 | D:3      | Gained mutation: Your mind is acute. (Int +2) [potion of
                  | mutation]
  2054 | D:3      | HP: 1/32 [poisoned by a kobold]
  2055 | D:3      | Succumbed to a kobold's poison

Illustrated notes

Levels and vault maps discovered:
D:1:      saegor_arrival_miasma, layout_loops_corners
D:2:      layout_basic, hex_medium
D:3:      layout_rooms, overflow_temple_1_default

Skill      XL: |  1  2  3  4 |
---------------+-------------+-----
Transmutations | 2 |  2.3
Spellcasting   | 5 |  5.1
Invocations    | 1 |  1.3
Fighting       | 1 |  1.2
Short Blades   | 1 |  1.2
Long Blades    | 1 |  1.2
Axes           | 1 |  1.2
Maces & Flails | 1 |  1.2
Polearms       | 1 |  1.2
Staves         | 1 |  1.2
Slings         | 1 |  1.2
Bows           | 1 |  1.2
Crossbows      | 1 |  1.2
Throwing       | 1 |  1.2
Armour         | 1 |  1.2
Shields        | 1 |  1.2
Unarmed Combat | 1 |  1.2
Evocations     | 1 |  1.2
Conjurations   | 1 |  1.0
Hexes          | 1 |  1.0
Summonings     | 1 |  1.0
Necromancy     | 1 |  1.0
Translocations | 1 |  1.0
Fire Magic     | 1 |  1.0
Ice Magic      | 1 |  1.0
Air Magic      | 1 |  1.0
Poison Magic   | 1 |  1.0
Dodging        | |  4.7
Stealth        | |  4.3
Earth Magic    | |  5.5

Action                   |  1- 3 |  4- 6 || total
-------------------------+-------+-------++-------
Melee: Short sword       |    13 |     1 ||    14
 Cast: Sandblast         |    45 |    30 ||    75
       Stone Arrow       |       |     1 ||     1
  Use: Scroll            |       |     2 ||     2
       Potion            |       |     1 ||     1
 Stab: Sleeping          |     3 |       ||     3
Armor: Robe              |     3 |     1 ||     4
Dodge: Dodged            |    17 |    14 ||    31
       Rpst.: Long sword |       |     1 ||     1

Table legend: (Time is in decaauts)
 A = Elapsed time spent in this place.
 B = Non-inter-level travel time spent in this place.
 C = Inter-level travel time spent in this place.
 D = Time resting spent in this place.
 E = Time spent auto-exploring this place.
 F = Levels seen in this place.
 G = Mean time per level.
                   A        B        C        D        E       F      G
               +--------+--------+--------+--------+--------+-----+--------+
         Total |   2054 |   2016 |     38 |      0 |   1663 |   3 |  684.7 |
       Dungeon |   2054 |   2016 |     38 |      0 |   1663 |   3 |  684.7 |
               +--------+--------+--------+--------+--------+-----+--------+

Top non-repeatable levels by time:
     D:2: 1259 daAuts
     D:1: 695 daAuts
     D:3: 99 daAuts
